 Dungeon Crawl Stone Soup version 0.28.0-45-g0d030f2227 (webtiles) character file.

Game seed: 115927455385931308

28 Bruhh the Digger (level 3, -5/31 HPs)
             Began as an Ogre Earth Elementalist on Apr 22, 2022.
             Slain by Terence
             ... wielding a +0 flail
              (6 damage)
             ... on level 2 of the Dungeon.
             The game lasted 00:03:11 (1435 turns).

Bruhh the Digger (Ogre Earth Elementalist)          Turns: 1435, Time: 00:03:12

Health: -5/31      AC:  3    Str: 12    XL:     3   Next: 14%
Magic:  0/6        EV:  9    Int: 18    God:
Gold:   61         SH:  0    Dex:  9    Spells: 5/6 levels left

rFire   . . .      SeeInvis .   (no weapon)
rCold   . . .      Faith    .   (no shield)
rNeg    . . .      Spirit   .   b - +0 robe
rPois   .          Reflect  .   (helmet restricted)
rElec   .          Harm     .   (no cloak)
rCorr   .          Rampage  .   (gloves unavailable)
Will    .....                   (boots unavailable)
Stlth   +.........              (no amulet)
HPRegen 0.00/turn               (no ring)
MPRegen 0.10/turn               (no ring)

@: inhibited regen
A: large, unfitting armour, tough skin 1, inhibited regeneration, MP-powered
wands
a: no special abilities


You were on level 2 of the Dungeon.
You visited 1 branch of the dungeon, and saw 2 of its levels.

You collected 61 gold pieces.

Inventory:

Missiles
 c - 10 stones
Armour
 b - a +0 robe (worn)
Scrolls
 a - a scroll of enchant weapon {unknown}
 e - a scroll of identify {unknown}
 f - a scroll of enchant armour {unknown}
Potions
 d - a potion of might {unknown}
 h - a potion of lignification {unknown}


   Skills:
 - Level 1.8 Dodging
 - Level 1.4 Stealth
 - Level 2.4 Spellcasting
 - Level 0.9 Transmutations
 + Level 3.7 Earth Magic


You had 5 spell levels left.
You knew the following spells:

 Your Spells              Type           Power      Damage    Failure   Level
a - Sandblast             Erth           30%        2d9       3%          1

Your spell library contained the following spells:

 Spells                   Type           Power      Damage    Failure   Level
 Passwall                 Tmut/Erth      8%         N/A       10%         2
 Animate Skeleton         Necr           4%         N/A       17%         1
 Apportation              Tloc           4%         N/A       17%         1
 Pain                     Necr           8%         1d4       17%         1
 Summon Small Mammal      Summ           8%         N/A       17%         1
 Stone Arrow              Conj/Erth      18%        3d8       24%         3
 Petrify                  Tmut/Erth      10%        N/A       54%         4
 Agony                    Necr           2%         N/A       99%         5
 Excruciating Wounds      Necr           1%         N/A       99%         5


Dungeon Overview and Level Annotations

Branches:
Dungeon (2/15)

Altars:

Annotations:
D:2 Terence


Innate Abilities, Weirdness & Mutations

You are too large for most types of armour.
You have tough skin. (AC +1)
You do not regenerate when monsters are visible.
You expend magic power (3 MP) to strengthen your wands.


Message History

Terence is lightly wounded.
Terence hits you with a +0 flail.
The blast of sand hits Terence!
Terence is severely wounded.
Terence hits you with a +0 flail. Terence completely misses you.
The blast of sand hits Terence but does no damage.
Terence is severely wounded.
Terence hits you with a +0 flail!
* * * LOW HITPOINT WARNING * * *
Terence looks scornfully at you.
Found 4 gold pieces.
You are too injured to fight recklessly!
Casting: Sandblast (safe; 3% risk of failure)
Confirm with . or Enter, or press ? or * to list all spells.
Aiming: Sandblast (safe; 3% risk of failure)
Press: ? - help, Shift-Dir - straight line, f/p - Terence
Aim: Terence, wielding a +0 flail and wearing a +0 chain mail (severely wounded, 85% to hit)
The blast of sand hits Terence.
Terence is severely wounded.
Terence misses you. Terence closely misses you.
Found 24 stones.
Terence misses you.
Casting: Sandblast (safe; 3% risk of failure)
Confirm with . or Enter, or press ? or * to list all spells.
Aiming: Sandblast (safe; 3% risk of failure)
Press: ? - help, Shift-Dir - straight line, f/p - Terence
Aim: Terence, wielding a +0 flail and wearing a +0 chain mail (severely wounded, 85% to hit)
The blast of sand hits Terence but does no damage.
Terence is severely wounded.
Terence barely misses you. Terence hits you with a +0 flail!
* * * LOW HITPOINT WARNING * * *
Terence looks scornfully at you. Terence shouts, "Now you die!"
It was a potion of mutation.
You feel extremely strange.
You feel clumsy.
You feel agile.
Your regeneration stops near monsters.
You feel your magical essence link to the dungeon's wands.
Terence hits you with a +0 flail.
You die...

##. >#. ## #.#. .#
#.#.##.#
#####.#.#..
#.......#(#
#########.###...#.#
#......##.#.....@<#
#......##.#...###@#
.......##.##$.# #.#
.##.##....##..###.#
#<.##.#####......#
#####............#
#............#
#...........##
#...........#


You could see Terence.

Vanquished Creatures
  2 dart slugs (D:1)
  4 endoplasms (D:1)
  A giant cockroach (D:1)
  2 goblins (D:1)
  2 hobgoblins (D:1)
  A kobold (D:1)
  2 quokkas (D:1)
  3 ball pythons (D:1)
  5 bats (D:1)
22 creatures vanquished.

Notes
Turn   | Place    | Note
-------+----------+-------------------------------------------
     0 | D:1      | Bruhh the Ogre Earth Elementalist began the quest for the
                  | Orb.
     0 | D:1      | Reached XP level 1. HP: 16/16 MP: 3/3
   255 | D:1      | Reached skill level 3 in Earth Magic
   293 | D:1      | Reached XP level 2. HP: 24/24 MP: 1/5
   419 | D:1      | Found a faded altar of an unknown god.
  1141 | D:1      | Reached XP level 3. HP: 31/31 MP: 4/6
  1395 | D:2      | Noticed Terence
  1431 | D:2      | HP: 1/31 [Terence/+0 flail (9)]
  1435 | D:2      | Gained mutation: You are clumsy. (Dex -2) [potion of
                  | mutation]
  1435 | D:2      | Lost mutation: You are clumsy. (Dex -2) [potion of
                  | mutation]
  1435 | D:2      | Gained mutation: You do not regenerate when monsters are
                  | visible. [potion of mutation]
  1435 | D:2      | Gained mutation: You expend magic power (3 MP) to
                  | strengthen your wands. [potion of mutation]
  1435 | D:2      | Slain by Terence

Illustrated notes

Levels and vault maps discovered:
D:1:      matt_arrival_los_fun, layout_loops_corners, basic_ecumenical_altar
D:2:      layout_basic, uniq_terence

Skill      XL: |  1 |
---------------+----+-----
Earth Magic    | 3 |  3.7
Dodging        | |  1.8
Stealth        | |  1.4
Spellcasting   | |  2.4
Transmutations | |  0.9

Action                   || total
-------------------------++-------
Melee: Unarmed           ||    31
       Punch             ||     1
 Cast: Sandblast         ||    39
  Use: Potion            ||     1
 Stab: Sleeping          ||     1
Armor: Robe              ||    34
Dodge: Dodged            ||    28
